AoeStats
← Dickus Giganticus

Arabia

510589784Analyzed
4v4 RM · 1d ago on Oct 1, 2026· 59m 20s· 8 players
Game mode
Random Map
Map size
Large (8 player)
Population
200
Speed
Normal
Resources
Standard
Victory
Conquest
Starting age
Dark Age
Ending age
Imperial Age
RankedLock teamsTeams togetherTeam positionsShared explorationLock speedFull tech treeHidden civsTurbo modeCheats
Victory
Defeat
🇦🇹 Chinese · Austria
1480
+7
🇦🇹 Shu · Austria
1319
+13
🇦🇹 Cumans · Austria
1262
+15
🇦🇹 Magyars · Austria
878
+29
🇹🇷 Mongols · Türkiye
1279
-18
🇦🇺 Byzantines · Australia
1269
-17
🇹🇷 Britons · Türkiye
1264
-17
🇭🇰 Lithuanians · Hong Kong SAR China
1126
-12
SpinkySpanky
7:33 Loom
7:38 Loom
10:18 Feudal Age
12:46 Double-Bit Axe
24:55 Castle Age
23:19 Scale Barding Armor
24:40 Bloodlines
27:42 Chain Barding Armor
27:33 Forging
36:55 Bow Saw
37:26 Iron Casting
39:37 Wheelbarrow
44:21 Imperial Age
42:09 Hand Cart
41:40 Town Watch
43:06 Horse Collar
44:31 Cavalier
44:34 Elite Steppe Lancer
45:54 Plate Barding Armor
46:20 Blast Furnace
45:51 Heavy Plow
45:53 Town Patrol
46:32 Paladin
52:19 Two-Man Saw
52:40 Conscription
56:06 Steppe Husbandry
c11|dreckimohr
7:23 Loom
10:07 Feudal Age
14:13 Wheelbarrow
14:54 Fletching
16:45 Double-Bit Axe
19:23 Horse Collar
24:45 Castle Age
23:09 Padded Archer Armor
24:50 Crossbowman
25:45 Bodkin Arrow
29:09 Thumb Ring
30:12 Ballistics
30:49 Town Watch
31:15 Elite Skirmisher
34:29 Hand Cart
38:45 Imperial Age
39:01 Leather Archer Armor
38:58 Bow Saw
38:52 Heavy Plow
38:47 Arbalester
39:29 Bracer
41:11 Chemistry
43:50 Ring Archer Armor
44:30 Two-Man Saw
49:44 Conscription
51:34 Squires
52:59 Bolt Magazine
Nerdi.Aut
0:28 Loom
9:32 Feudal Age
10:32 Double-Bit Axe
10:28 Horse Collar
16:45 Scale Barding Armor
18:05 Wheelbarrow
18:51 Forging
19:55 Bloodlines
19:39 Gold Mining
21:20 Fletching
21:31 Padded Archer Armor
24:14 Castle Age
24:54 Bodkin Arrow
26:00 Leather Archer Armor
26:30 Husbandry
26:41 Bow Saw
27:06 Thumb Ring
27:05 Heavy Plow
30:34 Ballistics
36:56 Gold Shaft Mining
43:06 Imperial Age
40:47 Crossbowman
43:50 Bracer
44:59 Chemistry
44:20 Arbalester
47:24 Murder Holes
49:07 Scale Mail Armor
48:29 Pikeman
49:10 Squires
50:17 Iron Casting
52:04 Conscription
52:00 Hand Cart
54:08 Chain Mail Armor
54:54 Blast Furnace
55:19 Halberdier
56:39 Plate Mail Armor
58:00 Masonry
biriz
4:28 Loom
12:16 Feudal Age
16:44 Castle Age
16:58 Scale Barding Armor
21:42 Bloodlines
27:06 Husbandry
27:12 Husbandry
28:14 Wheelbarrow
27:27 Double-Bit Axe
29:08 Light Cavalry
33:27 Chain Barding Armor
36:06 Town Watch
36:56 Pikeman
38:00 Horse Collar
38:39 Hand Cart
40:16 Scale Mail Armor
42:05 Bow Saw
43:00 Chain Mail Armor
43:50 Heavy Plow
46:35 Imperial Age
46:41 Halberdier
51:58 Plate Barding Armor
53:06 Two-Man Saw
52:40 Crop Rotation
55:20 Conscription
56:08 Coinage
Milkus Dilkus
10:15 Feudal Age
9:50 Loom
12:04 Double-Bit Axe
12:42 Gold Mining
20:23 Horse Collar
24:46 Castle Age
22:55 Fletching
23:54 Padded Archer Armor
25:04 Stone Mining
24:49 Crossbowman
26:07 Bodkin Arrow
26:57 Wheelbarrow
29:28 Bow Saw
31:12 Heavy Plow
33:39 Leather Archer Armor
36:31 Ballistics
39:55 Gold Shaft Mining
43:48 Imperial Age
44:35 Arbalester
Dickus Giganticus
9:14 Feudal Age
9:49 Double-Bit Axe
10:03 Double-Bit Axe
14:05 Bloodlines
14:34 Horse Collar
18:50 Gold Mining
18:50 Stone Mining
21:52 Loom
24:08 Castle Age
24:53 Castle Age
25:43 Heavy Plow
25:55 Bow Saw
32:43 Wheelbarrow
32:27 Fortified Wall
32:44 Husbandry
35:16 Hand Cart
35:28 Forging
36:08 Scale Barding Armor
37:49 Iron Casting
38:13 Chain Barding Armor
38:38 Stone Shaft Mining
43:51 Imperial Age
44:31 Cavalier
45:41 Conscription
46:02 Plate Barding Armor
45:22 Town Watch
46:09 Crop Rotation
46:44 Two-Man Saw
46:13 Paladin
51:09 Elite Leitis
Grim Reaper
7:43 Loom
9:54 Feudal Age
11:21 Double-Bit Axe
14:03 Horse Collar
21:10 Castle Age
20:58 Bloodlines
20:57 Scale Barding Armor
21:03 Forging
22:46 Husbandry
24:14 Bow Saw
25:04 Chain Barding Armor
30:47 Wheelbarrow
30:14 Heavy Plow
30:16 Gold Mining
37:07 Iron Casting
38:57 Stone Mining
46:36 Light Cavalry
55:23 Imperial Age
Arfah
6:43 Loom
9:05 Feudal Age
10:23 Double-Bit Axe
18:03 Horse Collar
20:56 Gold Mining
24:17 Castle Age
23:45 Scale Barding Armor
23:50 Forging
25:26 Chain Barding Armor
25:10 Husbandry
28:48 Iron Casting
28:10 Fletching
33:21 Wheelbarrow
37:02 Heavy Plow
37:47 Bow Saw
42:23 Gold Shaft Mining
44:57 Imperial Age
43:16 Fortified Wall
45:13 Heavy Camel Rider
46:31 Plate Barding Armor
52:03 Conscription
53:09 Elite Cataphract
Connection lost

Rejoining the realm…

Still unreachable

The connection could not be restored.

Session expired

The server has moved on; the page needs a fresh start.